 Dungeon Crawl Stone Soup version 0.24-a0-368-g0e0cebd (webtiles) character file.

Game seed: 16947209091119189429

21765 MatthieuS the Fighter (level 12, 0/102 HPs)
             Began as a Demonspawn Berserker on May 28, 2019.
             Was a Priest of Trog.
             Slain by a salamander
             ... wielding a +0 halberd
              (6 damage)
             ... in a volcano.
             The game lasted 00:38:15 (17180 turns).

MatthieuS the Fighter (Demonspawn Berserker)       Turns: 17180, Time: 00:38:16

Health: 0/102      AC: 19    Str: 21    XL:     12   Next: 57%
Magic:  16/16      EV: 11    Int:  9    God:    Trog [***...]
Gold:   248        SH: 18    Dex: 14    Spells: 11/11 levels left

rFire    + . .     SeeInvis .     - Unarmed
rCold    + . .     Gourm    .   K - +0 large shield
rNeg     . . .     Faith    +   H - +0 scale mail {rF+}
rPois    .         Spirit   .   (helmet unavailable)
rElec    .         Reflect  .   h - +2 cloak
rCorr    .         Harm     .   G - +0 pair of gloves
MR       +....                  r - +2 pair of boots
Stlth    ..........             P - amulet of faith {!P}
HPRegen  0.27/turn              l - ring of protection from magic
MPRegen  0.15/turn              (no ring)

@: berserk cooldown, slowed, very slow
A: horns 3, icy blue scales 3
a: Berserk, Trog's Hand, Renounce Religion


You were in a volcano.
You worshipped Trog.
Trog was most pleased with you.
You were very hungry.

You visited 2 branches of the dungeon, and saw 14 of its levels.
You also visited: Volcano.

You collected 670 gold pieces.
You spent 422 gold pieces at shops.

Inventory:

Missiles
 j - 37 poisoned darts (quivered)
 J - 4 throwing nets {!f}
Armour
 h - a +2 cloak (worn)
   (You found it on level 1 of the Dungeon)
 r - a +2 pair of boots (worn)
   (You found it on level 2 of the Dungeon)
 G - a +0 pair of gloves (worn)
   (You found it on level 6 of the Dungeon)
 H - a +0 scale mail of fire resistance (worn)
   (You took it off Edmund on level 6 of the Dungeon)
 K - a +0 large shield (worn)
   (You found it on level 10 of the Dungeon)
Jewellery
 l - a ring of protection from magic (left hand)
   (You found it on level 1 of the Dungeon)
 m - an uncursed ring of flight
   (You found it on level 8 of the Dungeon)
 P - an amulet of faith (around neck) {!P}
   (You found it on level 8 of the Dungeon)
Wands
 d - a wand of iceblast (5)
   (You found it on level 1 of the Lair of Beasts)
 g - a wand of polymorph (5)
   (You took it off Ijyb on level 5 of the Dungeon)
 t - a wand of flame (38)
   (You found it on level 3 of the Dungeon)
 u - a wand of paralysis (21)
   (You bought it in a shop on level 5 of the Dungeon)
 v - a wand of digging (3)
   (You found it on level 3 of the Lair of Beasts)
 x - a wand of acid (6)
   (You found it on level 6 of the Dungeon)
Scrolls
 a - 5 scrolls of teleportation {@r4}
 b - 3 scrolls of magic mapping
 o - a scroll of fear
 q - 10 scrolls of remove curse {@r2}
 D - 2 scrolls of brand weapon
 I - 2 scrolls of blinking
 L - 3 scrolls of enchant weapon
 M - a scroll of enchant armour
 N - 3 scrolls of identify {@r1}
Potions
 c - 4 potions of resistance {unknown}
 f - 2 potions of brilliance {unknown}
 i - 7 potions of curing {@q1}
 k - 3 potions of agility
 n - 3 potions of flight {unknown}
 p - 2 potions of cancellation {unknown}
 w - 2 potions of berserk rage {unknown}
 z - a potion of haste {unknown}
 A - 4 potions of might
 B - 4 potions of lignification {unknown}
 C - 2 potions of mutation {unknown}
 E - a potion of ambrosia
 F - 3 potions of heal wounds {@q2}
 Q - a potion of invisibility {unknown}
Comestibles
 e - 11 rations
 s - 3 chunks of flesh


   Skills:
 + Level 12.2 Fighting
 + Level 6.2 Armour
 + Level 6.2 Dodging
 + Level 12.0 Shields
 - Level 2.6 Unarmed Combat
 - Level 6.4 Evocations


You had 11 spell levels left.
You didn't know any spells.
Your spell library was empty.

Dungeon Overview and Level Annotations

Branches:
Dungeon (10/15)            Temple (0/1) D:5            Lair (4/6) D:9
  Swamp (0/4) Lair:3        Snake (0/4) Lair:4
    Orc: D:9-12

Altars:
Cheibriados
Elyvilon
Hepliaklqana
Kikubaaqudgha
Makhleb
Nemelex Xobeh
Okawaru
Qazlal
Sif Muna
Vehumet
Wu Jian
Xom
Zin

Shops:
D:4 (   D:5 }   D:6 *   D:10 %!:

Annotations:
D:6 2 transporters, ddlpg's ghost, novice SpEn
D:7 2 runed translucent doors, lyrin's ghost, novice HaHu


Innate Abilities, Weirdness & Mutations

You have a pair of large horns on your head.
You are completely covered in icy blue scales. (AC +4, rC+)


Message History

You hit the salamander. You headbutt the salamander!
The salamander barely misses you.
You hit the salamander. The salamander barely misses you.
You closely miss the salamander. The salamander closely misses you.
A salamander comes into view. It is wielding a +0 halberd.
You block the salamander's attack.
You hit the salamander. You headbutt the salamander!!
A salamander comes into view. It is wielding a +0 trident.
The salamander misses you.
The salamander hits you but does no damage.
You block the salamander's attack.
The salamander hits you from afar with a +0 halberd.
* * * LOW HITPOINT WARNING * * *
You are engulfed in flames.
You resist.
* * * LOW HITPOINT WARNING * * *
Your polar bear goes berserk!
You feel quite a bit more hungry.
You can no longer call in reinforcements.
You block the salamander's attack. x2; The salamander barely misses you.
You hit the salamander. Your headbutt misses the salamander.
You block the salamander's attack. The salamander closely misses you.
The salamander hits you but does no damage.
You block the salamander's attack.
You hit the salamander but do no damage.
You block the salamander's attack. x2
The salamander hits you but does no damage.
Your polar bear closely misses the salamander.
Your polar bear claws the salamander. x2
You are too injured to fight recklessly!
You barely miss the salamander.
Your polar bear bites the salamander but does no damage.
Your polar bear completely misses the salamander.
Your polar bear claws the salamander.
The salamander hits you from afar with a +0 halberd!
* * * LOW HITPOINT WARNING * * *
You are engulfed in flames.
You resist.
* * * LOW HITPOINT WARNING * * *
The salamander closely misses you.
The salamander hits you from afar with a +0 trident!
* * * LOW HITPOINT WARNING * * *
You are engulfed in flames.
You resist.
* * * LOW HITPOINT WARNING * * *
Your polar bear closely misses the salamander.
Your polar bear claws the salamander.
Your polar bear claws the salamander but does no damage.
You block the salamander's attack. x2
The salamander hits you from afar with a +0 halberd.
* * * LOW HITPOINT WARNING * * *
You are engulfed in flames.
You resist.
You die...

+.._..' ##≈≈
#.....# .#≈≈
####### ..#≈≈
+$$.!!+ ..#≈≈
#..≈..#...#≈≈
#8≈≈≈8#N..#
+..≈.h'N.#
+...)@N..# ≈
#8...8#.##§
≈≈###.....###≈≈
≈≈≈§§§....≈≈≈§§
≈≈≈≈§8...8§≈≈≈#
≈≈≈≈≈.....≈§###
##≈≈§.....≈≈#
#§§≈8...8≈##
####.°...##


You could see 3 salamanders and a friendly polar bear (berserk).

Vanquished Creatures
  A hydra (Lair:1)
  Harold (D:7)
  A salamander mystic (Volcano)
  A cyclops (D:10)
  3 black mambas
  3 spiny frogs
  6 komodo dragons
  6 polar bears (Lair:3)
  2 trolls
  2 blink frogs (Lair:3)
  5 hippogriffs
  Sigmund (D:5)
  2 wyverns
  12 yaks
  Menkaure (D:7)
  Edmund (D:6)
  5 swamp worms (Lair:3)
  6 water moccasins
  9 porcupines
  Duvessa (D:6)
  2 ice beasts
  4 orc warriors
  4 sky beasts
  6 black bears
  5 ogres
  3 phantoms
  3 wolves (Lair:1)
  12 crocodiles
  4 centaurs
  A big kobold (D:10)
  14 bullfrogs
  Dowan (D:6)
  4 scorpions
  A wyvern skeleton (D:7)
  12 killer bees
  3 wights (D:10)
  3 howler monkeys
  A vampire bat (D:4)
  A bullfrog zombie (D:5)
  7 crimson imps
  A quasit (D:10)
  A centaur skeleton (D:7)
  3 jellies
  5 orc wizards
  14 orc priests
  4 hounds
  2 bullfrog skeletons
  4 iguanas
  Natasha (thrice) (D:4)
  11 worker ants
  Ijyb (D:5)
  A statue (D:9)
  Terence (D:2)
  A hound skeleton (D:4)
  A worker ant zombie (D:7)
  A howler monkey zombie (D:10)
  11 adders
  A white imp (D:6)
  3 oozes
  An adder zombie (D:6)
  An adder skeleton (D:4)
  3 worms
  A dart slug (D:1)
  2 leopard geckos (D:7)
  32 orcs
  2 bat skeletons (D:4)
  2 bat zombies (D:4)
  3 giant cockroaches
  6 goblins
  12 hobgoblins
  9 jackals
  4 quokkas
  4 bats
  4 frilled lizards
  A jackal skeleton (D:8)
  6 kobolds
  2 rats
  A fungus (D:9)
  A plant (Lair:3)
326 creatures vanquished.

Vanquished Creatures (collateral kills)
  A hydra (Lair:2)
  A komodo dragon (Lair:2)
  A polar bear (Lair:3)
  2 blink frogs (Lair:3)
  A hippogriff (D:7)
  A wyvern (Lair:3)
  2 black bears
  A crocodile (Lair:2)
  A hound (D:7)
  An orc wizard (D:7)
  4 iguanas (Lair:2)
  4 orcs
  A kobold (D:8)
21 creatures vanquished.

Vanquished Creatures (others)
  A komodo dragon (Lair:2)
  A big kobold (D:8)
  3 kobolds (D:8)
  A quokka (D:7)
  A rat (D:2)
  11 fungi
  9 plants
27 creatures vanquished.

Grand Total: 374 creatures vanquished

Notes
Turn   | Place    | Note
-------+----------+-------------------------------------------
     0 | D:1      | MatthieuS the Demonspawn Berserker began the quest for the
                  | Orb.
     0 | D:1      | Reached XP level 1. HP: 18/18 MP: 1/1
   380 | D:1      | Gained mutation: You have a pair of small horns on your
                  | head. [demonic ancestry]
   380 | D:1      | Reached XP level 2. HP: 24/24 MP: 2/2
   886 | D:2      | Reached XP level 3. HP: 22/31 MP: 3/3
  1628 | D:2      | Found a stormy altar of Qazlal.
  1654 | D:2      | Gained mutation: You are partially covered in icy blue
                  | scales. (AC +2) [demonic ancestry]
  1654 | D:2      | Reached XP level 4. HP: 36/38 MP: 4/4
  1661 | D:2      | Found a white marble altar of Elyvilon.
  1677 | D:2      | Noticed Terence
  1685 | D:2      | Killed Terence
  1685 | D:2      | Reached skill level 5 in Fighting
  2168 | D:3      | Gained mutation: You are mostly covered in icy blue scales.
                  | (AC +3) [demonic ancestry]
  2168 | D:3      | Reached XP level 5. HP: 30/46 MP: 5/5
  2191 | D:3      | Reached ** piety under Trog
  2842 | D:4      | Reached XP level 6. HP: 53/53 MP: 6/6
  2914 | D:4      | Found an ornate altar of the Wu Jian Council.
  2989 | D:4      | Got a steaming robe
  3000 | D:4      | Identified the cursed +0 robe "Wyovotump" {Int+2} (You
                  | found it on level 4 of the Dungeon)
  3243 | D:4      | Found a snail-covered altar of Cheibriados.
  3243 | D:4      | Found a sparkling altar of Nemelex Xobeh.
  3243 | D:4      | Found a hazy altar of Hepliaklqana.
  3454 | D:4      | Reached XP level 7. HP: 62/62 MP: 7/7
  3467 | D:4      | Noticed Natasha
  3497 | D:4      | Killed Natasha
  3497 | D:4      | Reached *** piety under Trog
  3553 | D:4      | Noticed Natasha
  3563 | D:4      | Killed Natasha
  3828 | D:4      | Found an ancient bone altar of Kikubaaqudgha.
  3926 | D:4      | Found Ribbokobb's Antique Weapon Emporium.
  3949 | D:4      | Noticed Natasha
  3959 | D:4      | Killed Natasha
  4041 | D:5      | Entered Level 5 of the Dungeon
  4139 | D:5      | Noticed Ijyb
  4161 | D:5      | Killed Ijyb
  4296 | D:5      | Gained mutation: You have a pair of horns on your head.
                  | [demonic ancestry]
  4296 | D:5      | Reached XP level 8. HP: 41/72 MP: 8/8
  4454 | D:5      | Reached skill level 10 in Fighting
  4459 | D:5      | Found a staircase to the Ecumenical Temple.
  4735 | D:5      | Found Fenlaext's Gadget Boutique.
  4752 | D:5      | Bought a wand of paralysis (4) for 72 gold pieces
  4790 | D:5      | Noticed Sigmund
  4801 | D:5      | Killed Sigmund
  4801 | D:5      | Reached skill level 1 in Evocations
  5119 | D:6      | Noticed Duvessa
  5122 | D:6      | Noticed Dowan
  5133 | D:6      | Killed Duvessa
  5137 | D:6      | Killed Dowan
  5607 | D:6      | Found Amomeaf's Assorted Antiques.
  5614 | D:6      | Bought a potion of curing for 84 gold pieces
  5644 | D:6      | Found a transporter.
  5647 | D:6      | Reached **** piety under Trog
  5650 | D:6      | Gained mutation: You have a pair of large horns on your
                  | head. [demonic ancestry]
  5650 | D:6      | Reached XP level 9. HP: 79/79 MP: 11/11
  5655 | D:6      | Identified the +9 trident "Vyfoalem" {elec, Str+4 Int-5}
  5655 | D:6      | Identified the cursed +0 scale mail of Pathion {rElec rN+
                  | Str+2}
  5655 | D:6      | Identified the cursed +0 buckler of the Ego {*Corrode rF-
                  | rC+ rN+++ Stlth+}
  5861 | D:6      | Found a transporter.
  5893 | D:6      | Noticed ddlpg's ghost (novice SpEn)
  5912 | D:6      | Noticed Edmund
  5935 | D:6      | Killed Edmund
  6272 | D:7      | Noticed Menkaure
  6278 | D:7      | Killed Menkaure
  6505 | D:7      | Reached skill level 1 in Shields
  6810 | D:7      | Found a faded altar of an unknown god.
  6810 | D:7      | Found a deep blue altar of Sif Muna.
  6815 | D:7      | Found a faded altar of an unknown god.
  6817 | D:7      | Found an iron altar of Okawaru.
  6819 | D:7      | Found a glowing silver altar of Zin.
  7029 | D:7      | Reached skill level 5 in Evocations
  7077 | D:7      | Reached XP level 10. HP: 61/88 MP: 13/13
  7306 | D:7      | Noticed Harold
  7317 | D:7      | Killed Harold
  7678 | D:7      | Found a large runed translucent door.
  7678 | D:7      | Found a large runed translucent door.
  7681 | D:7      | Noticed lyrin's ghost (novice HaHu)
  8178 | D:8      | Reached skill level 5 in Armour
  8184 | D:8      | Reached skill level 5 in Dodging
  8297 | D:8      | You fall into a shaft and drop 2 floors!
  8297 | D:10     | Entered Level 10 of the Dungeon
  8711 | D:10     | Found Onkang's Food Emporium.
  8728 | D:10     | Bought a ration for 70 gold pieces
  8728 | D:10     | Bought a ration for 70 gold pieces
  9085 | D:10     | Found Uxelev's Book Emporium.
  9093 | D:10     | Noticed a cyclops
  9106 | D:10     | Killed a cyclops
  9106 | D:10     | Gained mutation: You are completely covered in icy blue
                  | scales. (AC +4, rC+) [demonic ancestry]
  9106 | D:10     | Reached XP level 11. HP: 66/95 MP: 15/15
  9124 | D:10     | Reached skill level 5 in Shields
  9404 | D:9      | Found a staircase to the Lair.
 11052 | D:9      | Found a radiant altar of Vehumet.
 11188 | D:9      | Found a shimmering altar of Xom.
 11189 | D:9      | Found a burning altar of Makhleb.
 11625 | D:10     | Found Ipuupluk's Distillery.
 11642 | D:10     | Bought a potion of heal wounds for 70 gold pieces
 11642 | D:10     | Bought a potion of agility for 56 gold pieces
 11781 | Lair:1   | Entered Level 1 of the Lair of Beasts
 11803 | Lair:1   | Noticed a five-headed hydra
 11814 | Lair:1   | Killed a five-headed hydra
 13527 | Lair:2   | Noticed a seven-headed hydra
 13545 | Lair:2   | Killed a seven-headed hydra
 13545 | Lair:2   | Reached skill level 10 in Shields
 14050 | Lair:2   | Reached XP level 12. HP: 101/102 MP: 16/16
 16027 | Lair:3   | Found a staircase to the Swamp.
 17107 | Lair:4   | Found a dark tunnel.
 17113 | Volcano  | Entered a volcano
 17150 | Volcano  | Found a bloodstained altar of Trog.
 17180 | Volcano  | Slain by a salamander

Levels and vault maps discovered:
D:1:      minmay_arrival_four_circles, layout_basic
D:2:      layout_basic, old_standard_altar, nicolae_qazlal_eye_of_the_storm,
          first_ration, uniq_terence
D:3:      layout_basic
D:4:      layout_basic, kennysheep_vampire_church,
          gammafunk_temple_overflow_forgotten, lemuel_round_altar, serial_shops,
          nicolae_shop_statue_plus, minmay_increasing_density, uniq_natasha
D:5:      layout_loops_ring, minmay_temple_entry_slanted, serial_shops, shop,
          uniq_sigmund, uniq_ijyb
D:6:      layout_basic, serial_shops, shop, gammafunk_ghost_gnarly_gnolls,
          chequers_arboretum, minmay_fire_ice_demons, uniq_edmund, uniq_duvessa
D:7:      layout_loops_ring, chequers_temple_overflow_minitemple,
          ebering_ghost_disaster_area, wad_floor_pattern_1, grunt_potential,
          uniq_harold, uniq_menkaure
D:8:      layout_gridville
D:9:      layout_basic, grunt_temple_overflow_champion_of_chaos, vehumet_statue,
          due_lair_maze_entry_diamond
D:10:     layout_loops_ring, serial_shops, kennysheep_little_box, shop, shop
Lair:1:   layout_hall_layers
Lair:2:   beast_lair_carwin_large_3, layout_chaotic_city
Lair:3:   beast_lair_carwin_large_4, layout_layer_cave,
          minmay_swamp_entry_worms, patterned_corridor
Lair:4:   layout_roguey, dummy_snake_entry, nicolae_volcano_entry_s_turn,
          minmay_hedge_maze, grunt_forest_large_clearings
Volcano:  kennysheep_volcano_temple

Skill      XL: |  1  2  3  4  5  6  7  8  9 10 11 12 |
---------------+-------------------------------------+-----
Fighting       | 4 5 6 8 9 10 11 12 | 12.2
Evocations     | 3 5 6 |  6.4
Armour         | 2 4 5 6 |  6.2
Dodging        | 2 4 5 6 |  6.2
Shields        | 2 4 10 12 | 12.0
Unarmed Combat | |  2.6

Action                   |  1- 3 |  4- 6 |  7- 9 | 10-12 || total
-------------------------+-------+-------+-------+-------++-------
Melee: Unarmed           |    82 |   292 |   418 |  1076 ||  1868
       Headbutt          |    11 |    51 |   108 |   313 ||   483
       Punch             |     1 |     3 |     4 |       ||     8
Throw: Dart              |       |       |     3 |       ||     3
Invok: Berserk           |     2 |     3 |     9 |    19 ||    33
       Brothers in Arms  |       |       |     1 |     5 ||     6
       Trog's Hand       |       |       |       |     9 ||     9
Evoke: Wand              |       |       |     1 |    16 ||    17
  Use: Potion            |     1 |       |     2 |     1 ||     4
       Scroll            |       |    10 |     1 |     7 ||    18
 Stab: Paralysed         |       |       |     6 |       ||     6
       Distracted        |       |       |     1 |       ||     1
  Eat: Chunk             |     3 |     7 |    21 |    37 ||    68
       Ration            |       |     1 |       |     5 ||     6
Armor: Ring mail         |    22 |   144 |   121 |       ||   287
       Scale mail        |       |       |    88 |   482 ||   570
       Plate armour      |       |       |    10 |       ||    10
Dodge: Dodged            |    49 |   184 |   284 |   461 ||   978
Block: Buckler           |       |       |    28 |    70 ||    98
       Large shield      |       |       |       |   810 ||   810

Table legend:
 A = Non-vault XP
 B = Vault XP
 C = Vault XP percentage of total XP
 D = Non-vault monster count
 E = Vault monster count
 F = Vault count percentage of total count
                 A         B        C        D         E       F
            +---------+---------+-------+---------+---------+-------
      Total |   21657 |    9437 |  30.3 |     273 |      73 |  21.1
            +---------+---------+-------+---------+---------+-------
        D:1 |      23 |       0 |   0.0 |      14 |       0 |   0.0
        D:2 |      80 |      30 |  27.3 |       9 |       1 |  10.0
        D:3 |     112 |       0 |   0.0 |      30 |       0 |   0.0
        D:4 |     785 |     209 |  21.0 |      32 |      13 |  28.9
        D:5 |     497 |     255 |  33.9 |       6 |       2 |  25.0
        D:6 |     974 |     444 |  31.3 |      21 |       5 |  19.2
        D:7 |    1830 |    1606 |  46.7 |      29 |       9 |  23.7
        D:8 |    1243 |       0 |   0.0 |      24 |       0 |   0.0
        D:9 |    1127 |    1288 |  53.3 |      15 |      13 |  46.4
       D:10 |    4664 |       0 |   0.0 |      43 |       0 |   0.0
     Lair:1 |    4059 |       0 |   0.0 |      17 |       0 |   0.0
     Lair:2 |    2346 |     965 |  29.1 |       7 |      10 |  58.8
     Lair:3 |    3781 |    3866 |  50.6 |      25 |      19 |  43.2
     Lair:4 |     136 |       0 |   0.0 |       1 |       0 |   0.0
    Volcano |       0 |     774 | 100.0 |       0 |       1 | 100.0
            +---------+---------+-------+---------+---------+-------
